 Dungeon Crawl Stone Soup version 0.19-a0-1223-gf83d13a (webtiles) character file.

159 Geppetto the Sneak (level 5, -3/30 HPs)
             Began as a Kobold Assassin on Aug 24, 2016.
             Was a Follower of Dithmenos.
             Slain by an orc
             ... wielding a +0 whip
              (8 damage)
             ... on level 3 of the Dungeon.
             The game lasted 00:06:52 (3814 turns).

Geppetto the Sneak (Kobold Assassin)                Turns: 3814, Time: 00:06:52

Health: -3/30      AC:  3    Str: 10    XL:     5   Next: 68%
Magic:  5/5        EV: 15    Int:  9    God:    Dithmenos [*.....]
Gold:   115        SH:  0    Dex: 18    Spells: 0 memorised, 4 levels left

rFire  . . .     SeeInvis .     a - +2 dagger
rCold  . . .     Gourm    .     c - +0 robe
rNeg   . . .     Faith    .     (shield restricted)
rPois  .         Spirit   .     (no helmet)
rElec  .         Dismiss  .     d - +0 cloak
rCorr  .         Reflect  .     (no gloves)
MR     +....     Harm     .     (no boots)
Stlth  +++++.....               (no amulet)
                                (no ring)
                                k - ring of protection from magic

@: wreathed by umbra
A: carnivore 3
a: Renounce Religion


You were on level 3 of the Dungeon.
You worshipped Dithmenos.
Dithmenos was aware of your devotion.
You were very full.

You visited 1 branch of the dungeon, and saw 3 of its levels.

You collected 115 gold pieces.

Inventory:

Hand Weapons
 a - a +2 dagger (weapon)
 b - a +0 blowgun
Missiles
 e - 8 poisoned needles
 f - 2 curare-tipped needles
Armour
 c - a +0 robe (worn)
 d - a +0 cloak (worn)
Jewellery
 k - a ring of protection from magic (left hand)
Scrolls
 l - 3 scrolls of remove curse
 m - 3 scrolls of identify
 p - 2 scrolls of enchant weapon {unknown}
 r - 3 scrolls of random uselessness {unknown}
Potions
 h - 3 potions of lignification
 i - a potion of flight {unknown}
 j - 2 potions of mutation {unknown}
 n - a potion of heal wounds {unknown}
 o - 2 potions of curing
Comestibles
 g - a meat ration
 q - a beef jerky


   Skills:
 - Level 2.1 Fighting
 * Level 5.8 Short Blades
 - Level 2.1 Throwing
 + Level 2.1 Dodging
 + Level 6.6 Stealth


You had 4 spell levels left.
You didn't know any spells.

Dungeon Overview and Level Annotations

Branches:
Dungeon (3/15)

Altars:
Ashenzari
Dithmenos
Hepliaklqana
Nemelex Xobeh
Xom
Yredelemnul


Innate Abilities, Weirdness & Mutations

You are small and have problems with some larger weapons.
You are carnivorous and can eat meat at any time.


Message History

The orc misses you. The orc hits you with a whip.
You hit the orc but do no damage.
The orc is heavily wounded.
You hit the orc but do no damage.
The orc is heavily wounded.
The orc hits you but does no damage. The orc hits you with a whip.
* * * LOW HITPOINT WARNING * * *
You are too injured to fight recklessly!
You hit the orc but do no damage.
The orc is heavily wounded.
The orc barely misses you. x2
You hit the orc but do no damage.
The orc is heavily wounded.
You barely miss the orc.
The orc is heavily wounded.
The orc misses you. The orc closely misses you.
You hit the orc but do no damage.
The orc is heavily wounded.
The orc hits you with a whip!
You die...

.......##...##.......#
..##..####.####......###
.....##..#'#..##........
.....##.......##...####.
.#....##.._..##....# .
#.....##...##.....# ..!
#......##.##......#....
#.......###.....)....._
#..............@†.#....
#..........###.oo.#....
...######...#......# ...
### ...#......# #.
..##....... ..##......##
#....... #......##


You could see 2 orcs.

Vanquished Creatures
  An orc wizard (D:3)
  5 adders
  2 oozes (D:2)
  3 worms
  A dart slug (D:1)
  A giant gecko (D:2)
  10 bats
  A giant cockroach (D:1)
  2 gnoll zombies (D:2)
  5 goblins
  6 hobgoblins
  7 jackals
  10 kobolds
  5 giant newts
  13 rats
72 creatures vanquished.

Notes
Turn   | Place    | Note
-------+----------+-------------------------------------------
     0 | D:1      | Geppetto the Kobold Assassin began the quest for the Orb.
     0 | D:1      | Reached XP level 1. HP: 12/12 MP: 1/1
   145 | D:1      | Reached XP level 2. HP: 17/17 MP: 2/2
   479 | D:1      | Reached XP level 3. HP: 21/21 MP: 3/3
   958 | D:2      | Found a shadowy altar of Dithmenos.
   982 | D:2      | Became a worshipper of Dithmenos the Shadowed
  1004 | D:2      | Reached skill level 6 in Stealth
  1217 | D:2      | Reached XP level 4. HP: 11/26 MP: 4/4
  1899 | D:2      | Reached skill level 5 in Short Blades
  2447 | D:2      | Found a basalt altar of Yredelemnul.
  2827 | D:2      | Found a hazy altar of Hepliaklqana.
  2869 | D:2      | Reached * piety under Dithmenos
  2899 | D:2      | Reached XP level 5. HP: 30/30 MP: 5/5
  3252 | D:2      | Found a shimmering altar of Xom.
  3774 | D:3      | Found a sparkling altar of Nemelex Xobeh.
  3788 | D:3      | Found a shattered altar of Ashenzari.
  3814 | D:3      | Slain by an orc

Vault maps used:
D:1:      eino_arrival_druids_welcome
D:2:      nicolae_overflow_crystal_walls, lemuel_zombie_altar_yredelemnul,
          lemuel_coloured_pillars_altar, marbit_many_paths
D:3:      lemuel_castle_with_subvaults, old_standard_altar, lemuel_doored_altar,
          nemelex_lonely_heart_becter

Skill      XL: |  1  2  3  4  5 |
---------------+----------------+-----
Short Blades   | 3 4 5 |  5.8
Stealth        | 6 |  6.6
Dodging        | 2 |  2.1
Fighting       | |  2.1
Throwing       | |  2.1

Action                   |  1- 3 |  4- 6 || total
-------------------------+-------+-------++-------
Melee: Dagger            |    87 |   179 ||   266
  Use: Scroll            |     6 |       ||     6
       Potion            |       |     1 ||     1
 Stab: Sleeping          |    14 |    10 ||    24
       Distracted        |       |     1 ||     1
  Eat: Chunk             |     9 |     8 ||    17
Armor: Robe              |    12 |    17 ||    29
Dodge: Dodged            |    51 |    90 ||   141
